ITL
HAVANA ROLLERS @ TOPEKA TORNADOS
04/17/2026
 
TOP OF THE 1ST
Havana Rollers batting - Pitching for Topeka Tornados : RHP Willie St. John
Pitching: RHP Willie St. John
Batting: LHB Jimmy Husted 0-0: Foul Ball, location: 2F
0-1: Ball
1-1: Foul Ball, location: 2F
1-2: Strikes out looking
Batting: RHB Ed Sims 0-0: SINGLE (Flyball, 8RS)
Batting: LHB Enrique Cortéz 0-0: Ball
1-0: DOUBLE (Groundball, 5L)
Ed Sims to third
Runner from 3rd tries for Home, SAFE, throw made home
Batting: SHB Chris Bennis 0-0: Foul Ball, location: 2F
0-1: Called Strike
0-2: Ball
1-2: Ball
2-2: Ball
3-2: Foul Ball, location: 2F
3-2: Base on Balls
Batting: SHB Pepe Piña 0-0: Ball
1-0: Ball
2-0: Grounds into double play, 4-6-3 (Groundball, 4)
Top of the 1st over - 1 run(s), 2 hit(s), 0 error(s), 1 left on base; Havana 1 - Topeka 0
BOTTOM OF THE 1ST
Topeka Tornados batting - Pitching for Havana Rollers : RHP Valentín Luna
Pitching: RHP Valentín Luna
Batting: RHB José Pinto 0-0: Ball
1-0: Swinging Strike
1-1: Ball
2-1: Ball
3-1: SINGLE (Line Drive, 9S)
Batting: LHB Morgan Wright 0-0: Called Strike
0-1: Ball
1-1: Ball
2-1: Ball
3-1: Base on Balls
José Pinto to second
Batting: RHB Cho-yun Qiao 0-0: Foul Ball, location: 2F
0-1: Called Strike
0-2: Hit by Pitch
José Pinto to third
Morgan Wright to second
Batting: LHB Yoshiaki Ohayashi 0-0: Ball
1-0: Foul Ball, location: 2F
1-1: Foul Ball, location: 2F
1-2: Strikes out swinging
Batting: RHB Bob Hall 0-0: SINGLE (Groundball, 6D)
José Pinto scores
Morgan Wright to third
Cho-yun Qiao to second
Runner from 3rd tries for Home, SAFE, throw made home
Batting: LHB Aurelio Torrez 0-0: Fly out, F9 (Flyball, 89S)
Batting: RHB Miguel Monteagudo 0-0: Swinging Strike
0-1: Ball
1-1: Foul Ball, location: 2F
1-2: Ball
2-2: SINGLE (Groundball, 6MD) (infield hit)
Cho-yun Qiao to third
Bob Hall to second
Batting: LHB Pedro Cruz 0-0: Fly out, F7 (Flyball, 7S)
Bottom of the 1st over - 2 run(s), 3 hit(s), 0 error(s), 3 left on base; Havana 1 - Topeka 2
TOP OF THE 2ND
Havana Rollers batting - Pitching for Topeka Tornados : RHP Willie St. John
Batting: LHB Gyu-sik Yi 0-0: Foul Ball, location: 2F
0-1: Ball
1-1: Foul Ball, location: 2F
1-2: Ball
2-2: Ball
3-2: Fly out, F4 (Line Drive, 34D)
Batting: RHB Paul Bailey 0-0: Swinging Strike
0-1: Called Strike
0-2: Ball
1-2: Foul Ball, location: 2F
1-2: Ball
2-2: Strikes out swinging
Batting: LHB José Torres 0-0: Ball
1-0: Ball
2-0: Swinging Strike
2-1: Swinging Strike
2-2: Strikes out swinging
Top of the 2nd over - 0 run(s), 0 hit(s), 0 error(s), 0 left on base; Havana 1 - Topeka 2
BOTTOM OF THE 2ND
Topeka Tornados batting - Pitching for Havana Rollers : RHP Valentín Luna
Batting: RHB Will Sterling 0-0: Swinging Strike
0-1: Ball
1-1: Fly out, F9 (Flyball, 89D)
Batting: RHB José Pinto 0-0: Ball
1-0: Called Strike
1-1: SINGLE (Groundball, 6MD)
Batting: LHB Morgan Wright 0-0: Called Strike
0-1: Ball
1-1: Swinging Strike
1-2: Foul Ball, location: 2F
1-2: Ball
2-2: Ball
3-2: Base on Balls
José Pinto to second
Batting: RHB Cho-yun Qiao 0-0: Called Strike
José Pinto steals 3rd base
Morgan Wright to second
0-1: Ball
1-1: Fly out, F8 (Flyball, 8RM)
Runner from 3rd tags up, SCORES, no throw
Batting: LHB Yoshiaki Ohayashi 0-0: Swinging Strike
0-1: Foul Ball, location: 2F
0-2: Strikes out looking
Bottom of the 2nd over - 1 run(s), 1 hit(s), 0 error(s), 1 left on base; Havana 1 - Topeka 3
TOP OF THE 3RD
Havana Rollers batting - Pitching for Topeka Tornados : RHP Willie St. John
Batting: LHB Raynard Brenner 0-0: Swinging Strike
0-1: Foul Ball, location: 2F
0-2: Ball
1-2: Strikes out swinging
Batting: LHB Jimmy Husted 0-0: Ball
1-0: Ball
2-0: Called Strike
2-1: Foul Ball, location: 2F
2-2: Ball
3-2: Base on Balls
Batting: RHB Ed Sims 0-0: Swinging Strike
0-1: Ball
1-1: Fielders Choice at 2nd, 3-6 (Groundball, 34)
Batting: LHB Enrique Cortéz 0-0: Called Strike
0-1: SINGLE (Line Drive, 4M)
Ed Sims to second
Batting: SHB Chris Bennis 0-0: Fielders Choice at 2nd, U6 (Groundball, 6M)
Top of the 3rd over - 0 run(s), 1 hit(s), 0 error(s), 2 left on base; Havana 1 - Topeka 3
BOTTOM OF THE 3RD
Topeka Tornados batting - Pitching for Havana Rollers : RHP Valentín Luna
Batting: RHB Bob Hall 0-0: Ball
1-0: SINGLE (Groundball, 15) (infield hit)
Batting: LHB Aurelio Torrez 0-0: Fly out, F7 (Flyball, 7M)
Batting: RHB Miguel Monteagudo 0-0: Called Strike
0-1: Fly out, F7 (Flyball, 7S)
Batting: LHB Pedro Cruz 0-0: Ground out 5-3 (Groundball, 56S)
Bottom of the 3rd over - 0 run(s), 1 hit(s), 0 error(s), 1 left on base; Havana 1 - Topeka 3
TOP OF THE 4TH
Havana Rollers batting - Pitching for Topeka Tornados : RHP Willie St. John
Batting: SHB Pepe Piña 0-0: Called Strike
0-1: Ball
1-1: Swinging Strike
1-2: Foul Ball, location: 2F
1-2: Strikes out swinging
Batting: LHB Gyu-sik Yi 0-0: SINGLE (Line Drive, 4D)
Batting: RHB Paul Bailey 0-0: Called Strike
0-1: Called Strike
0-2: Strikes out swinging
Batting: LHB José Torres 0-0: Ball
1-0: Foul Ball, location: 2F
1-1: Hit by Pitch
Gyu-sik Yi to second
Batting: LHB Raynard Brenner 0-0: Ball
1-0: Ball
2-0: Foul Ball, location: 2F
2-1: Foul Ball, location: 2F
2-2: Ball
3-2: Base on Balls
Gyu-sik Yi to third
José Torres to second
Batting: LHB Jimmy Husted 0-0: Fly out, F8 (Flyball, 8LM)
Top of the 4th over - 0 run(s), 1 hit(s), 0 error(s), 3 left on base; Havana 1 - Topeka 3
BOTTOM OF THE 4TH
Topeka Tornados batting - Pitching for Havana Rollers : RHP Valentín Luna
Batting: RHB Will Sterling 0-0: Called Strike
0-1: Ball
1-1: Ball
2-1: Ball
3-1: Base on Balls
Batting: RHB José Pinto 0-0: Called Strike
0-1: Called Strike
0-2: Ball
1-2: Ball
2-2: Foul Ball, location: 2F
2-2: Grounds into double play, 5-4-3 (Groundball, 56)
Batting: LHB Morgan Wright 0-0: Ball
1-0: Ball
2-0: Ball
3-0: Called Strike
3-1: Base on Balls
Batting: RHB Cho-yun Qiao 0-0: DOUBLE (Flyball, 78XD)
Morgan Wright to third
Runner from 3rd tries for Home, SAFE, throw made at trailing runner, SAFE at third!
Batting: LHB Yoshiaki Ohayashi 0-0: Called Strike
0-1: Foul Ball, location: 2F
0-2: Ball
1-2: Strikes out swinging
Bottom of the 4th over - 1 run(s), 1 hit(s), 0 error(s), 1 left on base; Havana 1 - Topeka 4
TOP OF THE 5TH
Havana Rollers batting - Pitching for Topeka Tornados : RHP Willie St. John
Batting: RHB Ed Sims 0-0: Called Strike
0-1: Called Strike
0-2: Foul Ball, location: 2F
0-2: Foul Ball, location: 2F
0-2: Strikes out looking
Batting: LHB Enrique Cortéz 0-0: Ball
1-0: Fly out, F8 (Flyball, 78D)
Batting: SHB Chris Bennis 0-0: Ball
1-0: Foul Ball, location: 2F
1-1: Swinging Strike
1-2: Strikes out swinging
Top of the 5th over - 0 run(s), 0 hit(s), 0 error(s), 0 left on base; Havana 1 - Topeka 4
BOTTOM OF THE 5TH
Topeka Tornados batting - Pitching for Havana Rollers : RHP Valentín Luna
Batting: RHB Bob Hall 0-0: Called Strike
0-1: Ball
1-1: Ball
2-1: Ball
3-1: Fly out, F4 (Popup, 4)
Batting: LHB Aurelio Torrez 0-0: Called Strike
0-1: Called Strike
0-2: Ball
1-2: Fly out, F7 (Flyball, 78D)
Batting: RHB Miguel Monteagudo 0-0: Ground out 6-3 (Groundball, 6M)
Bottom of the 5th over - 0 run(s), 0 hit(s), 0 error(s), 0 left on base; Havana 1 - Topeka 4
TOP OF THE 6TH
Havana Rollers batting - Pitching for Topeka Tornados : RHP Willie St. John
Batting: SHB Pepe Piña 0-0: Ball
1-0: Ground out U3 (Groundball, 3S)
Batting: LHB Gyu-sik Yi 0-0: Called Strike
0-1: Foul Ball, location: 2F
0-2: Ball
1-2: SINGLE (Flyball, 8RS)
Batting: RHB Paul Bailey 0-0: Called Strike
0-1: SINGLE (Line Drive, 78S)
Gyu-sik Yi to second
Batting: LHB José Torres 0-0: Ball
1-0: Ball
2-0: DOUBLE (Flyball, 8RXD)
Gyu-sik Yi scores
Paul Bailey to third
Batting: LHB Raynard Brenner 0-0: DOUBLE (Flyball, 89D)
Paul Bailey scores
José Torres scores
Batting: LHB Jimmy Husted 0-0: Called Strike
0-1: Ball
1-1: Ground out 4-3 (Groundball, 4M)
Raynard Brenner to third
Batting: RHB Ed Sims 0-0: Called Strike
0-1: Foul Ball, location: 2F
0-2: Ball
1-2: Strikes out swinging
Top of the 6th over - 3 run(s), 4 hit(s), 0 error(s), 1 left on base; Havana 4 - Topeka 4
BOTTOM OF THE 6TH
Topeka Tornados batting - Pitching for Havana Rollers : RHP Valentín Luna
Batting: LHB Pedro Cruz 0-0: Ball
1-0: Fly out, F7 (Flyball, 7M)
Batting: RHB Will Sterling 0-0: Foul Ball, location: 2F
0-1: Hit by Pitch
Batting: RHB José Pinto 0-0: Ball
1-0: Called Strike
1-1: Called Strike
1-2: Strikes out swinging
Batting: LHB Morgan Wright 0-0: Foul Ball, location: 2F
0-1: Foul Ball, location: 2F
0-2: Ball
1-2: SINGLE (Line Drive, 6MD)
Will Sterling to second
Batting: RHB Cho-yun Qiao 0-0: Ball
1-0: Fly out, F7 (Flyball, 78XD)
Bottom of the 6th over - 0 run(s), 1 hit(s), 0 error(s), 2 left on base; Havana 4 - Topeka 4
TOP OF THE 7TH
Havana Rollers batting - Pitching for Topeka Tornados : RHP Willie St. John
Pitching: RHP Larry Jackson
Batting: LHB Enrique Cortéz 0-0: Called Strike
0-1: Ball
1-1: SINGLE (Groundball, 4MD)
Batting: SHB Chris Bennis 0-0: Ball
1-0: Ball
2-0: Swinging Strike
2-1: Swinging Strike
Passed Ball!
Enrique Cortéz to second
2-2: Strikes out looking
Batting: SHB Pepe Piña 0-0: Intentional Walk
Batting: LHB Gyu-sik Yi 0-0: Ball
1-0: Ball
2-0: Called Strike
2-1: Foul Ball, location: 2F
2-2: Ball
3-2: Foul Ball, location: 2F
3-2: Foul Ball, location: 2F
3-2: Base on Balls
Enrique Cortéz to third
Pepe Piña to second
Batting: RHB Paul Bailey 0-0: Called Strike
0-1: Called Strike
0-2: Foul Ball, location: 2F
0-2: Strikes out swinging
Pinch Hitting: RHB Jack Bailey 0-0: Ball
1-0: Ball
2-0: Called Strike
2-1: Fly out, F8 (Flyball, 89M)
Top of the 7th over - 0 run(s), 1 hit(s), 0 error(s), 3 left on base; Havana 4 - Topeka 4
BOTTOM OF THE 7TH
Topeka Tornados batting - Pitching for Havana Rollers : RHP Valentín Luna
Now in LF: Jack Bailey
Batting: LHB Yoshiaki Ohayashi 0-0: Ball
1-0: Swinging Strike
1-1: Ball
2-1: Swinging Strike
2-2: Strikes out swinging
Pitching: RHP Charlie Alexander
Batting: RHB Bob Hall 0-0: Ball
1-0: Ball
2-0: Called Strike
2-1: Ball
3-1: Swinging Strike
3-2: Base on Balls
Batting: LHB Aurelio Torrez 0-0: Called Strike
0-1: Ball
1-1: Called Strike
1-2: Grounds into double play, 4-6-3 (Groundball, 4)
Bottom of the 7th over - 0 run(s), 0 hit(s), 0 error(s), 0 left on base; Havana 4 - Topeka 4
TOP OF THE 8TH
Havana Rollers batting - Pitching for Topeka Tornados : RHP Larry Jackson
Pinch Hitting: RHB Carlos MacKinney 0-0: Ball
1-0: Ball
2-0: Ball
3-0: Called Strike
3-1: Base on Balls
Pitching: LHP Glenn Tutt
Batting: LHB Jimmy Husted 0-0: Bunted foul
0-1: Sac Bunt - play at first, batter OUT! 5-4
Carlos MacKinney to second
Batting: RHB Ed Sims 0-0: Intentional Walk
Pinch Hitting: RHB Chad Case 0-0: Ball
1-0: Ball
2-0: Ball
3-0: Called Strike
3-1: Called Strike
3-2: Foul Ball, location: 2F
3-2: Strikes out swinging
Batting: SHB Chris Bennis 0-0: Foul Ball, location: 2F
0-1: Ball
1-1: Ball
2-1: Called Strike
2-2: Ball
3-2: Strikes out swinging
Top of the 8th over - 0 run(s), 0 hit(s), 0 error(s), 2 left on base; Havana 4 - Topeka 4
BOTTOM OF THE 8TH
Topeka Tornados batting - Pitching for Havana Rollers : RHP Charlie Alexander
Now at 3B: Noriaki Oshima
Now in RF: Dani Gómez
Batting: RHB Miguel Monteagudo 0-0: Foul Ball, location: 2F
0-1: Called Strike
0-2: Ball
1-2: Strikes out swinging
Batting: LHB Pedro Cruz 0-0: SINGLE (Line Drive, 78M)
Batting: RHB Will Sterling 0-0: Ball
1-0: Called Strike
1-1: Ball
2-1: Foul Ball, location: 2F
2-2: Strikes out swinging
Batting: RHB José Pinto 0-0: Fielders Choice at 2nd, U4 (Groundball, 4M)
Bottom of the 8th over - 0 run(s), 1 hit(s), 0 error(s), 1 left on base; Havana 4 - Topeka 4
TOP OF THE 9TH
Havana Rollers batting - Pitching for Topeka Tornados : LHP Glenn Tutt
Pitching: LHP Enrique Muñóz
Batting: SHB Pepe Piña 0-0: Ball
1-0: Foul Ball, location: 2F
1-1: Ball
2-1: Swinging Strike
2-2: Strikes out swinging
Pinch Hitting: RHB Yaichiro Sugahara 0-0: Called Strike
0-1: Called Strike
0-2: Ball
1-2: Foul Ball, location: 2F
1-2: Ball
2-2: SINGLE (Line Drive, 8LS)
Batting: RHB Paul Bailey 0-0: Called Strike
0-1: SINGLE (Line Drive, 4MD)
Yaichiro Sugahara to second
Batting: RHB Jack Bailey 0-0: Ball
1-0: Ball
2-0: Foul Ball, location: 2F
2-1: Swinging Strike
2-2: Foul Ball, location: 2F
2-2: Foul Ball, location: 2F
2-2: Ball
3-2: Strikes out swinging
Batting: RHB Dani Gómez 0-0: Called Strike
0-1: Ball
1-1: Ball
2-1: Foul Ball, location: 2F
2-2: Ball
3-2: Strikes out looking
Top of the 9th over - 0 run(s), 2 hit(s), 0 error(s), 2 left on base; Havana 4 - Topeka 4
BOTTOM OF THE 9TH
Topeka Tornados batting - Pitching for Havana Rollers : RHP Charlie Alexander
Now at SS: Salvador Borbón
Batting: LHB Morgan Wright 0-0: Ball
1-0: Ball
2-0: Ball
3-0: Called Strike
3-1: Base on Balls
Batting: RHB Cho-yun Qiao 0-0: 2-RUN HOME RUN (Flyball, 8LXD), Distance : 427 ft
Monday, December 5th, 2016 - OOTP Baseball 17.12 Build 75